Map: [ESL] Moondance

Players

SlavaZA

  • Race: Protoss Protoss
  • Spawn Location: 6:00

Killermonjas - Winner!

  • Race: Protoss Protoss
  • Spawn Location: 12:00

Event: DreamHack SC2 Masters 2022 Valencia

VOD

Have the link to the VOD?

Description

Time

  • Played on: July 1, 2022, 1:50 p.m.
  • Length: 11:34

All games in this series

Show
View Real Time Build Order
Export as new Build Order

SlavaZA Protoss 

Build Orders: Blink Stalkers 

Get SALT Encoding   

  12  0:00  Probe  
  13  0:12  Probe  
  14  0:18  Pylon  
  14  0:24  Probe  
  15  0:36  Gateway  
  15  0:37  Probe (Chrono Boost)  
  16  0:46  Assimilator  
  17  0:50  Probe (Chrono Boost)  
  17  0:54  Assimilator  
  17  0:57  Probe (Chrono Boost)  
  18  1:06  Probe  
  19  1:13  Gateway  
  20  1:18  Probe  
  20  1:23  Cybernetics Core  
  20  1:30  Probe  
  21  1:42  Probe  
  22  1:54  Probe  
  22  1:56  Pylon  
  23  2:02  Warp Gate  
  23  2:14  Stalker x2  
  27  2:18  Twilight Council  
  27  2:40  Shield Battery  
  27  2:44  Stalker  
  30  2:47  Pylon  
  30  2:49  Stalker  
  31  2:57  Shield Battery  
  31  3:04  Blink (Chrono Boost)  
  31  3:23  Pylon  
  31  3:25  Pylon  
  31  3:30  Gateway  
  31  3:41  Gateway  
  31  3:51  Stalker x2  
  35  4:11  Pylon  
  35  4:15  Stalker x2  
  39  4:24  Stalker  
  41  4:48  Stalker x3  
  47  5:02  Stalker  
  49  5:11  Pylon  
  49  5:32  Stalker x3  
  55  6:02  Stalker x2  
  55  6:03  Stalker  
  59  6:23  Nexus  
  59  6:25  Sentry  
  59  6:31  Sentry  
  63  6:37  Charge (Chrono Boost)  
  63  6:38  Pylon  
  63  6:51  Pylon  
  63  7:09  Probe  
  64  7:21  Probe  
  65  7:24  Zealot x2  
  65  7:25  Zealot  
  71  7:33  Pylon  
  71  7:35  Probe (Chrono Boost)  
  72  7:37  Probe (Chrono Boost)  
  72  7:43  Robotics Facility  
  73  7:45  Pylon  
  73  8:00  Probe x2  
  73  8:03  Shield Battery  
  73  8:04  Zealot x2  
  79  8:12  Probe  
  80  8:14  Forge  
  80  8:22  Phoenix  
  80  8:23  Probe  
  80  8:24  Probe  
  82  8:35  Sentry, Probe  
  82  8:36  Probe  
  84  8:44  Zealot x3  
  84  8:47  Probe  
  85  8:49  Probe  
  85  8:51  Protoss Ground Weapons Level 1 (Chrono Boost)  
  88  9:03  Gateway  
  88  9:08  Probe  
  87  9:11  Observer (Chrono Boost)  
  88  9:22  Probe x2  
  90  9:24  Assimilator  
  90  9:26  Stalker x2  
  94  9:43  Stalker  
  92  9:50  Gateway  
  92  9:52  Gateway  
  92  9:59  Forge  
  90  10:04  Zealot x3  
  86  10:13  Probe x2  
  82  10:18  Zealot  
  80  10:25  Probe  
  67  10:31  Zealot x3  
  27  10:50  Zealot x3  
  25  11:03  Zealot  
  19  11:12  Zealot  
Show
View Real Time Build Order
Export as new Build Order

Killermonjas Protoss - Winner!

Build Orders: Oracle Opening 

Get SALT Encoding   

  12  0:00  Probe  
  13  0:12  Probe  
  14  0:18  Pylon  
  14  0:24  Probe (Chrono Boost)  
  15  0:37  Gateway  
  15  0:38  Probe (Chrono Boost)  
  16  0:43  Probe (Chrono Boost)  
  16  0:46  Assimilator  
  17  0:52  Probe  
  17  0:54  Assimilator  
  18  1:04  Probe (Chrono Boost)  
  18  1:09  Gateway  
  19  1:17  Probe (Chrono Boost)  
  20  1:22  Probe (Chrono Boost)  
  20  1:24  Cybernetics Core  
  21  1:31  Probe  
  22  1:34  Pylon  
  22  1:45  Probe  
  23  1:58  Probe  
  24  2:02  Stalker, Adept  
  24  2:03  Warp Gate  
  28  2:10  Pylon  
  28  2:24  Pylon  
  28  2:32  Stargate  
  28  2:43  Stalker  
  28  2:44  Stalker  
  32  2:50  Pylon  
  32  3:12  Oracle (Chrono Boost)  
  32  3:18  Pylon  
  33  3:30  Robotics Facility  
  33  3:33  Shield Battery  
  33  3:35  Pylon  
  37  3:56  Void Ray (Chrono Boost)  
  37  3:57  Gateway  
  37  4:17  Stalker x2  
  37  4:18  Pylon  
  41  4:37  Nexus  
  41  4:42  Gateway  
  41  4:51  Immortal (Chrono Boost)  
  42  5:00  Shield Battery  
  42  5:10  Stalker x2  
  46  5:20  Immortal (Chrono Boost)  
  46  5:23  Pylon  
  50  5:34  Adept x2  
  54  5:39  Pylon  
  54  5:49  Stalker  
  54  6:03  Immortal (Chrono Boost)  
  56  6:15  Stalker  
  56  6:16  Stalker  
  60  6:31  Pylon  
  60  6:36  Observer (Chrono Boost)  
  61  6:48  Pylon  
  61  6:49  Adept x3  
  67  7:06  Immortal (Chrono Boost)  
  69  7:26  Gateway  
  69  7:29  Pylon  
  69  7:40  Sentry  
  69  7:42  Warp Prism (Chrono Boost)  
  73  7:44  Sentry  
  75  8:07  Pylon  
  75  8:33  Stalker x2  
  73  8:48  Observer  
  73  8:56  Pylon  
  73  9:01  Adept x2  
  77  9:17  Pylon  
  77  9:19  Stalker  
  77  9:21  Sentry x2  
  83  9:27  Robotics Bay  
  83  9:45  Adept x3  
  78  10:18  Adept  
  78  10:19  Adept x2  
  66  10:40  Adept x2  
  56  10:58  Adept x2  

Tags
 
Add a new tag
Caveats
  • Supply blocks, unpowered buildings, or Contaminate may cause inaccurate times.
  • Supply counts are checked every 10 seconds.